 Dungeon Crawl Stone Soup version 0.20-a0-754-g13ddd6e (webtiles) character file.

17936 Imposter the Spear-Bearer (level 12, -1/100 HPs)
             Began as a Demonspawn Wanderer on Feb 26, 2017.
             Was the Champion of Okawaru.
             Engulfed by a cloud of flame (14 damage)
             ... in a volcano.
             The game lasted 00:33:04 (13428 turns).

Imposter the Spear-Bearer (Demonspawn Wanderer)    Turns: 13428, Time: 00:33:05

Health: -1/100     AC: 18    Str: 19    XL:     12   Next: 23%
Magic:  0/12       EV:  8    Int: 17    God:    Okawaru [******]
Gold:   910        SH:  0    Dex:  9    Spells: 11/11 levels left

rFire    + . .     SeeInvis +   O - +6 halberd of Hohukoe {freeze, +Blink rC++ Int+2 Dex-3}
rCold    + + .     Gourm    .   s - +1 plate armour {rPois}
rNeg     . . .     Faith    .   (shield currently unavailable)
rPois    +         Spirit   +   (helmet unavailable)
rElec    .         Reflect  .   (no cloak)
rCorr    .         Harm     .   P - +0 pair of gloves
MR       .....                  (no boots)
Stlth    ..........             G - amulet of guardian spirit
Regen    0.3/turn               (no ring)
MPRegen  0.2/turn               k - +2 ring of evasion

@: exhausted, slowed, very slow
A: antennae 3, yellow scales 1, fire resistance 1, spiny 1, strong 1, MP-powered
wands
a: Heroism, Finesse, Renounce Religion, Evoke Blink


You were in a volcano.
You worshipped Okawaru.
Okawaru was exalted by your worship.
You were not hungry.

You visited 3 branches of the dungeon, and saw 12 of its levels.
You also visited: Sewer, Ossuary and Volcano.

You collected 910 gold pieces.

Inventory:

Hand Weapons
 b - a +2 blowgun
 c - a +1 quarterstaff
 l - a +0 halberd
 p - a +2 spear of freezing
 O - the +6 halberd of Hohukoe (weapon) {freeze, +Blink rC++ Int+2 Dex-3}
   (Okawaru gifted it to you on level 1 of the Lair of Beasts)

   It has been specially enchanted to freeze those struck by it, causing extra
   injury to most foes and up to half again as much damage against particularly
   susceptible opponents.
   It can also slow down cold-blooded creatures.
   It affects your intelligence (+2).
   It affects your dexterity (-3).
   It greatly protects you from cold.
   It lets you blink.
Missiles
 a - a curare-tipped needle
Armour
 d - a +0 robe
 i - a +1 ring mail
 s - a +1 plate armour of poison resistance (worn)
 u - a +0 scale mail
 N - a -2 pair of boots
 P - a +0 pair of gloves (worn)
 R - a +1 chain mail of poison resistance
Jewellery
 k - a +2 ring of evasion (left hand)
 C - an uncursed ring of see invisible
 G - an amulet of guardian spirit (around neck)
 H - a -2 ring of strength
 I - a +3 amulet of reflection
 S - an uncursed amulet of magic regeneration
Wands
 w - a wand of disintegration (5/24)
 z - a wand of random effects (27/48)
 D - a wand of iceblast (8/15)
 J - a wand of lightning (7/15)
 K - a wand of digging (13/24)
Scrolls
 e - 3 scrolls of blinking
 g - 7 scrolls of identify
 j - 4 scrolls of teleportation
 n - a scroll of recharging
 q - 3 scrolls of enchant armour
 r - a scroll of enchant weapon
 t - 3 scrolls of remove curse
 L - 2 scrolls of amnesia
Potions
 h - 2 potions of flight
 m - a potion of curing
 o - a potion of heal wounds
 F - a potion of might
 Q - a potion of brilliance
Books
 y - a book of Debilitation

   Spells                             Type                      Level
   a - Corona                         Hexes                        1
   b - Slow                           Hexes                        2
   c - Inner Flame                    Hexes/Fire                   3
   d - Portal Projectile              Hexes/Translocation          3
   e - Cause Fear                     Hexes                        4
   f - Leda's Liquefaction            Hexes/Earth                  4
 E - a book of Geomancy

   Spells                             Type                      Level
   a - Sandblast                      Earth                        1
   b - Passwall                       Transmutation/Earth          2
   c - Stone Arrow                    Conjuration/Earth            3
   d - Petrify                        Transmutation/Earth          4
   e - Lee's Rapid Deconstruction     Earth                        5
Comestibles
 f - a bread ration
 v - 4 royal jellies
 A - 2 meat rations
 B - 3 fruits


   Skills:
 + Level 11.2 Fighting
 - Level 11.9(12.0) Polearms
 - Level 1.7(7.9) Staves
 - Level 1.0 Throwing
 + Level 9.7 Armour
   Level 1.0 Conjurations
   Level 4.0 Poison Magic
 - Level 1.0 Evocations


You had 11 spell levels left.
You didn't know any spells.

Dungeon Overview and Level Annotations

Branches:
Dungeon (9/15)             Temple (1/1) D:5            Lair (2/6) D:9
  Swamp: Lair:2-4    Shoals: Lair:2-4     Snake: Lair:2-4    Spider: Lair:2-4
    Orc: D:9-12

Altars:
Ashenzari
Cheibriados
Dithmenos
Elyvilon
Fedhas
Gozag
Hepliaklqana
Kikubaaqudgha
Makhleb
Nemelex Xobeh
Okawaru
Qazlal
Ru
Sif Muna
Trog
Uskayaw
Vehumet
Wu Jian
Xom
Yredelemnul
Zin
The Shining One

Annotations:
D:9 1 runed door


Innate Abilities, Weirdness & Mutations

You have a pair of large antennae on your head. (SInv)
You are partially covered in yellow scales. (AC +2)
Your flesh is heat resistant. (rF+)
You are partially covered in sharp spines.
Your muscles are strong. (Str +2)
You expend magic power (3 MP) to strengthen your wands.


Message History

You start resting.
Your transformation is almost over.
You start resting.
The air gets thick with the scent of sulphur.
You start resting.
In the distance, the volcano erupts with a roar.
You are engulfed in blazing flames.
* * * LOW HITPOINT WARNING * * *
You are engulfed in blazing flames.
* * * LOW HITPOINT WARNING * * *
Okay, then.
You feel less wooden.
Your +0 pair of gloves unmelds from your body.
Your +1 plate armour of poison resistance unmelds from your body.
You feel resistant to poison.
Press: ? - help, v - describe, . - travel A rock-blocked tunnel.
There is a cloud of flame here.
You are engulfed in blazing flames.
You resist.
You die...

### ##..###
.......##
.§§§.§..##
§.§§.§§§§####
§§..§§§.....#
≈≈≈...§@.∩..#
≈≈≈≈.§.......#
≈≈§≈≈§.§......#
§≈≈§≈≈≈≈≈≈≈....
§§≈≈≈≈§≈≈≈≈§...
§≈§≈§§≈§≈≈≈≈≈§.
§≈≈§≈§≈≈§≈§≈≈≈§
≈≈8§§§§§§§≈§≈§≈


There were no monsters in sight!

Vanquished Creatures
  2 hydras
  3 two-headed ogres
  Erica (D:8)
  The ghost of nono the Cleaver, a journeyman VSHu of Trog (Volcano)
  Pikel (D:9)
  A lindwurm (Lair:2)
  A black mamba (Lair:2)
  3 spiny frogs (Lair:1)
  A komodo dragon (Lair:1)
  A troll (D:6)
  4 blink frogs (Lair:1)
  5 hippogriffs
  5 dream sheep
  A flying skull (Volcano)
  12 yaks
  A wyvern (D:9)
  4 basilisks
  A hungry ghost (D:9)
  2 hell hounds (D:9)
  9 water moccasins
  2 porcupines (Lair:1)
  2 phantoms
  A sky beast (D:5)
  5 ice beasts
  A necrophage (D:7)
  4 ogres
  4 wolves (Lair:1)
  2 centaurs (D:9)
  4 crocodiles
  8 bullfrogs
  3 scorpions
  6 killer bees (D:9)
  An electric eel (Lair:2)
  2 crimson imps
  A centaur zombie (D:8)
  6 hounds
  A quasit (D:9)
  2 jellies
  6 orc priests
  3 iguanas
  9 worker ants
  8 orc wizards
  2 big kobold zombies (Ossuary)
  2 mummies (Ossuary)
  A howler monkey zombie (D:8)
  2 worker ant zombies
  8 gnolls
  16 adders
  3 shadow imps
  2 oozes
  An adder zombie (D:5)
  2 adder skeletons
  2 worms (D:3)
  2 dart slugs
  5 leopard geckos
  25 orcs
  6 giant cockroaches
  7 goblins
  8 hobgoblins
  8 jackals
  10 kobolds
  A quokka (D:6)
  3 ball pythons (D:3)
  5 bats
  7 frilled lizards
  4 gnoll zombies (Ossuary)
  3 goblin zombies (Ossuary)
  4 hobgoblin zombies (Ossuary)
  A jackal skeleton (D:8)
  A leopard gecko zombie (D:6)
  An orc zombie (Ossuary)
  A quokka skeleton (D:5)
  13 rats
296 creatures vanquished.

Vanquished Creatures (others)
  A flying skull (Volcano)
  2 slaves (D:9)
  A plant (Lair:2)
4 creatures vanquished.

Grand Total: 300 creatures vanquished

Notes
Turn   | Place    | Note
-------+----------+-------------------------------------------
     0 | D:1      | Imposter the Demonspawn Wanderer began the quest for the Orb.
     0 | D:1      | Imposter set off with: 3 curare-tipped needles, a +2 blowgun, a +0 quarterstaff, a +0 robe, a bread ration
     0 | D:1      | Reached XP level 1. HP: 15/15 MP: 1/1
   158 | D:1      | Gained mutation: You have a pair of small antennae on your head. [demonic ancestry]
   158 | D:1      | Reached XP level 2. HP: 11/22 MP: 2/2
  1165 | D:1      | Reached XP level 3. HP: 29/29 MP: 3/3
  1854 | D:2      | Reached XP level 4. HP: 31/37 MP: 4/4
  2791 | D:3      | Found a sacrificial altar of Ru.
  2802 | D:3      | Reached skill level 1 in Polearms
  2802 | D:3      | Reached XP level 5. HP: 41/43 MP: 5/5
  2883 | D:3      | Found a glowing drain.
  2895 | Sewer    | Entered a sewer
  3028 | Sewer    | Noticed a crocodile
  3039 | Sewer    | Killed a crocodile
  3295 | D:3      | Found a blossoming altar of Fedhas.
  3412 | D:4      | Gained mutation: You are partially covered in yellow scales. (AC +2) [demonic ancestry]
  3412 | D:4      | Reached XP level 6. HP: 25/49 MP: 6/6
  3761 | D:4      | Found a sand-covered staircase.
  3768 | Ossuary  | Entered an ossuary
  3807 | Ossuary  | Reached skill level 5 in Polearms
  3970 | Ossuary  | Reached XP level 7. HP: 47/55 MP: 7/7
  4165 | D:4      | Found an ancient bone altar of Kikubaaqudgha.
  4165 | D:4      | Found an ornate altar of the Wu Jian Council.
  4523 | D:5      | Entered Level 5 of the Dungeon
  5024 | D:5      | Found a staircase to the Ecumenical Temple.
  5058 | Temple   | Entered the Ecumenical Temple
  5065 | Temple   | Became a worshipper of Warmaster Okawaru
  5122 | D:5      | Reached XP level 8. HP: 23/61 MP: 8/8
  6390 | D:6      | Found a sparkling altar of Nemelex Xobeh.
  6414 | D:6      | Reached * piety under Okawaru
  6604 | D:6      | Noticed a troll
  6668 | D:6      | Killed a troll
  7090 | D:6      | Gained mutation: You have a pair of antennae on your head. [demonic ancestry]
  7090 | D:6      | Reached XP level 9. HP: 49/66 MP: 9/9
  7271 | D:6      | Found an iron altar of Okawaru.
  7287 | D:6      | Reached skill level 10 in Polearms
  7499 | D:6      | Found a basalt altar of Yredelemnul.
  7659 | D:7      | Found a basalt altar of Yredelemnul.
  7680 | D:7      | Reached ** piety under Okawaru
  7862 | D:7      | Found a glowing golden altar of the Shining One.
  8168 | D:7      | Found a stormy altar of Qazlal.
  8184 | D:7      | Found a hazy altar of Hepliaklqana.
  8564 | D:7      | Noticed a two-headed ogre
  8570 | D:7      | Gained mutation: You have a pair of large antennae on your head. (SInv) [potion of mutation]
  8570 | D:7      | Gained mutation: You expend magic power (3 MP) to strengthen your wands. [potion of mutation]
  8570 | D:7      | Gained mutation: Your muscles are strong. (Str +2) [potion of mutation]
  8589 | D:7      | Killed a two-headed ogre
  8589 | D:7      | Reached *** piety under Okawaru
  8648 | D:7      | Found a shimmering altar of Xom.
  9107 | D:8      | Reached skill level 1 in Armour
  9257 | D:8      | Reached skill level 5 in Fighting
  9257 | D:8      | Gained mutation: You are partially covered in sharp spines. [demonic ancestry]
  9257 | D:8      | Reached XP level 10. HP: 62/74 MP: 2/10
  9334 | D:8      | Noticed Erica
  9363 | D:8      | Killed Erica
  9363 | D:8      | Reached **** piety under Okawaru
  9755 | D:9      | Noticed a two-headed ogre
  9772 | D:9      | Killed a two-headed ogre
 10029 | D:9      | Noticed a two-headed ogre
 10045 | D:9      | Killed a two-headed ogre
 10045 | D:9      | Reached ***** piety under Okawaru
 10124 | D:9      | Found a runed door.
 10130 | D:9      | Noticed a sixfirhy
 10204 | D:9      | Reached skill level 5 in Armour
 10242 | D:9      | Noticed Pikel
 10255 | D:9      | Found a staircase to the Lair.
 10443 | D:9      | Killed Pikel
 11037 | D:9      | Reached XP level 11. HP: 81/86 MP: 11/11
 11155 | Lair:1   | Entered Level 1 of the Lair of Beasts
 11459 | Lair:1   | Noticed a five-headed hydra
 11473 | Lair:1   | Killed a five-headed hydra
 11553 | Lair:1   | Received a gift from Okawaru
 12006 | Lair:1   | Received a gift from Okawaru
 12009 | Lair:1   | Got a crude halberd {god gift}
 12010 | Lair:1   | Identified the +6 halberd of Hohukoe {freeze, +Blink rC++ Int+2 Dex-3} (Okawaru gifted it to you on level 1 of the Lair of Beasts)
 12146 | Lair:1   | Reached ****** piety under Okawaru
 12546 | Lair:1   | Reached skill level 10 in Fighting
 12984 | Lair:1   | Received a gift from Okawaru
 13087 | Lair:2   | Noticed a seven-headed hydra
 13098 | Lair:2   | Killed a seven-headed hydra
 13153 | Lair:2   | Gained mutation: Your flesh is heat resistant. (rF+) [demonic ancestry]
 13153 | Lair:2   | Reached XP level 12. HP: 64/99 MP: 10/12
 13351 | Lair:2   | Found a dark tunnel.
 13393 | Volcano  | Entered a volcano
 13393 | Volcano  | Noticed nono's ghost (journeyman VSHu)
 13403 | Volcano  | Killed nono's ghost
 13428 | Volcano  | Engulfed by a cloud of flame

Vault maps used:
D:1:      sevenhm_arrival_forest_fort_small_6
D:3:      nicolae_ru_great_annihilating_truth, fedhas_altar_4,
          portal_sewer_entry_e, minmay_misc_feat_plants, minmay_surrounded
D:4:      gammafunk_temple_overflow_wave, nicolae_ossuary_entry_monument,
          lightli_corner_chamber
D:5:      temple_statues, first_bread, roderic_chinese_pattern_swastika
D:6:      nemelex_xobeh_ov_fountains_minmay, basic_altar,
          yredelemnul_altar_generic
D:7:      tgw_xom, nicolae_overflow_quartered_altars
D:8:      uniq_erica
D:9:      cheibrodos_shockbox, minmay_lair_entry_lava, uniq_pikel
Temple:   nicolae_temple_no_exploring_needed
Lair:2:   lemuel_reptile_caves, minmay_shoals_entry_centaurs,
          portal_ice_cave_demonic_guard, nicolae_volcano_entry_vermiform,
          eino_small_chamber_without_monster, wad_woods_03, lemuel_fruit_tree
Sewer:    sewer_the_crocodile
Ossuary:  minmay_ossuary_gauntlet
Volcano:  volcano_tomb

Skill      XL: |  1  2  3  4  5  6  7  8  9 10 11 12 |
---------------+-------------------------------------+-----
Fighting       | 2 3 4 5 8 10 11 | 11.2
Polearms       | 1 3 5 7 9 11 | 11.9
Armour         | 1 6 9 |  9.7
Staves         | |  1.7
Throwing       | |  1.0
Conjurations   | |  1.0
Poison Magic   | |  4.0
Evocations     | |  1.0

Action                   |  1- 3 |  4- 6 |  7- 9 | 10-12 || total
-------------------------+-------+-------+-------+-------++-------
Melee: Quarterstaff      |   125 |   182 |       |       ||   307
       Spear             |       |    86 |   681 |   342 ||  1109
       Halberd           |       |       |       |   131 ||   131
 Fire: Blowgun           |     5 |     5 |     3 |       ||    13
Evoke: Wand              |       |       |     3 |     4 ||     7
  Use: Scroll            |       |     9 |     1 |     7 ||    17
       Potion            |       |     6 |     6 |     8 ||    20
 Stab: Paralysed         |       |     1 |       |       ||     1
  Eat: Chunk             |     2 |     7 |    13 |     9 ||    31
       Bread ration      |       |       |     1 |     2 ||     3
Armor: Robe              |     5 |       |       |       ||     5
       Ring mail         |    22 |    98 |    90 |       ||   210
       Plate armour      |       |       |    20 |   156 ||   176
       Skin              |       |       |       |     3 ||     3
Dodge: Dodged            |    84 |   186 |   187 |    96 ||   553
Block: Other             |       |       |       |     8 ||     8
